 Dungeon Crawl Stone Soup version 0.28.0-53-g5a82cb258f (webtiles) character file.

Game seed: 8934576742942883924

154 Bruhh the Skirmisher (level 5, -3/35 HPs)
             Began as a Gargoyle Fighter on May 30, 2022.
             Slain by a gnoll
             ... wielding a +0 flail
              (6 damage)
             ... on level 2 of the Dungeon.
             The game lasted 00:04:41 (4924 turns).

Bruhh the Skirmisher (Gargoyle Fighter)             Turns: 4924, Time: 00:04:42

Health: -3/35      AC: 10    Str: 21    XL:     5   Next: 36%
Magic:  5/5        EV:  9    Int:  9    God:
Gold:   96         SH:  4    Dex:  9    Spells: 4/4 levels left

rFire   . . .      SeeInvis .   a - +0 flail
rCold   . . .      Faith    .   c - +0 buckler
rNeg    + . .      Spirit   .   b - +0 scale mail
rPois   ∞          Reflect  .   (no helmet)
rElec   +          Harm     .   (no cloak)
rCorr   .          Rampage  .   (no gloves)
Will    .....                   (no boots)
Stlth   ..........              (no amulet)
HPRegen 0.11/turn               f - ring of wizardry
MPRegen 0.09/turn               (no ring)

@: no status effects
A: sickness immunity, AC +4, negative energy resistance 1, electricity
resistance, torment resistance 1, petrification resistance
a: no special abilities


You were on level 2 of the Dungeon.
You visited 1 branch of the dungeon, and saw 3 of its levels.

You collected 96 gold pieces.

Inventory:

Hand Weapons
 a - a +0 flail (weapon)
Armour
 b - a +0 scale mail (worn)
 c - a +0 buckler (worn)
Jewellery
 f - a ring of wizardry (left hand)
Scrolls
 e - 2 scrolls of immolation
 g - a scroll of identify
 i - 2 scrolls of enchant weapon


   Skills:
 + Level 5.1 Fighting
 + Level 4.0 Maces & Flails
 - Level 3.2 Armour
 - Level 3.2 Shields


You had 4 spell levels left.
You didn't know any spells.
Your spell library contained the following spells:

 Spells                   Type           Power      Damage    Failure   Level
 Blink                    Tloc           0%         N/A       61%         2
 Lesser Beckoning         Tloc           0%         N/A       83%         3
 Manifold Assault         Tloc           0%         N/A       100%        5


Dungeon Overview and Level Annotations

Branches:
Dungeon (3/15)

Altars:

Shops:
D:2 (!*?!

Annotations:
D:3 3 runed translucent doors, Gabide's ghost, amateur HuMo


Innate Abilities, Weirdness & Mutations

You are immune to sickness and miasma.
Your stone body is resilient. (AC +4)
You are immune to poison.
You resist negative energy. (rN+)
You are resistant to electric shocks. (rElec)
You are resistant to unholy torment.
You are immune to petrification.


Message History

The orc priest hits you with a +0 club.
You sock the orc priest!
The orc priest is severely wounded.
The gnoll hits you with a +0 flail.
The orc priest hits you but does no damage.
The gnoll hits you with a +0 flail.
You completely miss the orc priest.
The orc priest is severely wounded.
The orc priest hits you with a +0 club. The gnoll barely misses you.
You block the orc priest's attack.
You closely miss the orc priest.
The orc priest is severely wounded.
The gnoll hits you with a +0 flail.
* * * LOW HITPOINT WARNING * * *
The orc priest barely misses you.
You closely miss the orc priest.
The orc priest is severely wounded.
The gnoll hits you but does no damage.
The orc priest hits you but does no damage.
You barely miss the orc priest.
The orc priest is severely wounded.
You block the gnoll's attack. The orc priest completely misses you.
You closely miss the orc priest.
The orc priest is severely wounded.
The gnoll hits you but does no damage. The orc priest hits you with a +0 club.
* * * LOW HITPOINT WARNING * * *
The gnoll hits you with a +0 flail.
* * * LOW HITPOINT WARNING * * *
Unknown command.
You barely miss the orc priest.
The orc priest is severely wounded.
The orc priest barely misses you. The gnoll hits you but does no damage.
You block the orc priest's attack.
You hit the orc priest.
The orc priest is severely wounded.
The gnoll hits you but does no damage. The orc priest barely misses you.
You hit the orc priest.
You kill the orc priest!
The gnoll hits you with a +0 flail.
You die...

#.#####.....♣...♣.#####..# #
#.#####.###♣..∩..♣# #..#####
####.#.....# #.♣...♣.#
#.....## .....#.#####
#..♣.♣..# ##.##.## ######.#
#...♣...# #.##.# #.#
#####...# #.##.## #.#
###.^#######.#...# ##
#.###### #g................
.#
#......####@#.########......
.##########.#...[).#
######..####
.#..........#.##.###
#.......# #
.#.##########.##.# #.#####.#
.#<# #[##.# #.# #.# .#.#
#.##∩# #.# #.# .#.####
#.##.# #.# #.# .#....##
#.##.#####.#####.# .#.###.#
#.##..........≈≈≈##


You could see a gnoll.

Vanquished Creatures
  An orc priest (D:2)
  Terence (D:2)
  2 orc wizards (D:2)
  A gnoll (D:3)
  2 adders (D:2)
  2 worms
  2 orcs (D:2)
  3 ball pythons
  5 bats
  4 endoplasms
  2 goblins (D:1)
  7 hobgoblins
  5 quokkas
  2 frilled lizards (D:1)
  3 kobolds
  3 rats
45 creatures vanquished.

Notes
Turn   | Place    | Note
-------+----------+-------------------------------------------
     0 | D:1      | Bruhh the Gargoyle Fighter began the quest for the Orb.
     0 | D:1      | Reached XP level 1. HP: 14/14 MP: 1/1
   616 | D:1      | Reached XP level 2. HP: 14/19 MP: 2/2
   771 | D:1      | Found a faded altar of an unknown god.
  1284 | D:2      | Found Kimitaw's Distillery.
  1351 | D:2      | Reached skill level 4 in Fighting
  1351 | D:2      | Reached XP level 3. HP: 21/24 MP: 3/3
  1437 | D:2      | Noticed Terence
  1453 | D:2      | Killed Terence
  1669 | D:2      | Reached XP level 4. HP: 18/30 MP: 4/4
  1794 | D:2      | Found Fyistryg's Assorted Antiques.
  1830 | D:2      | Found Vokkot's Magic Scroll Shoppe.
  1922 | D:2      | Found Orienwe's Distillery.
  2053 | D:2      | Found Quqajyne's Weapon Boutique.
  2518 | D:3      | Found a runed translucent gate.
  2518 | D:3      | Found a runed translucent gate.
  2518 | D:3      | Found a runed translucent gate.
  2519 | D:3      | Noticed Gabide's ghost (amateur HuMo)
  4045 | D:3      | Reached XP level 5. HP: 33/34 MP: 5/5
  4390 | D:2      | Reached skill level 5 in Fighting
  4924 | D:2      | Slain by a gnoll

Illustrated notes

Levels and vault maps discovered:
D:1:      nicolae_arrival_somewhat_less_tricky_arrival, layout_basic,
          hellmonk_ecumenical_altar_leap_of_faith
D:2:      layout_loops_ring, serial_shops, shop, nicolae_shop_hallway_stairs,
          nicolae_diamond_shop, nicolae_shop_waterfront, shop, uniq_terence
D:3:      layout_rooms, gammafunk_ghost_necromancy, grunt_decor_cap

Skill      XL: |  1  2  3  4  5 |
---------------+----------------+-----
Fighting       | 4 5 |  5.1
Maces & Flails | 3 4 |  4.0
Armour         | |  3.2
Shields        | |  3.2

Action                   |  1- 3 |  4- 6 || total
-------------------------+-------+-------++-------
Melee: Flail             |    85 |   110 ||   195
Throw: Throwing net      |       |     1 ||     1
  Use: Potion            |     1 |     1 ||     2
       Scroll            |       |     6 ||     6
Armor: Scale mail        |    52 |    71 ||   123
Dodge: Dodged            |    44 |    53 ||    97
Block: Buckler           |    14 |    24 ||    38
